[Event "Titled Tuesday Blitz February 14 Early 2023"]
[White "AidenRchess"]
[Black "Rian, Kapriaga"]
[BlackFideId "7103263"]
[WhiteElo "2517"]
[BlackElo "2089"]
[Result "0-1"]
[Round "09"]
[TimeControl "180+2"]
[Date "2023.02.14"]
[WhiteClock "0:00:15"]
[BlackClock "0:00:11"]

1. e4 c6 2. Nf3 d5 3. Nc3 Bg4 4. h3 Bxf3 5. Qxf3 Nf6 6. e5 Nfd7 7. d4 e6 8. Be3 Bb4 9. Qg3 g6 10. a3 Qa5 11. Bh6 Bxc3+ 12. bxc3 c5 13. Bd3 cxd4 14. O-O Nc6 15. cxd4 Nxd4 16. Rab1 Qc7 17. f4 Nc5 18. Bg7 Rg8 19. Bf6 Nd7 20. Bg5 Nf5 21. Bxf5 gxf5 22. Qh4 Nf8 23. Qh6 b6 24. Rf2 Rc8 25. Rb3 Qc5 26. Qf6 Nd7 27. Qh6 Nf8 28. Qh4 Qd4 29. Kh2 Ng6 30. Qxh7 Rh8 31. Qg7 Qxf2 32. Qf6 Qc5 33. a4 Qxc2 34. Rg3 Qc7 35. h4 Rg8 36. h5 Nf8 37. h6 Nh7 38. Qg7 Rxg7 39. hxg7 Kd7 40. Rh3 Nxg5 41. fxg5 Rg8 42. Rh7 Qd8 43. g6 fxg6 44. g4 Qe7 45. Kg3 Rxg7 46. Rh1 f4+ 47. Kf3 g5 48. Rc1 Qc5 49. Rxc5 bxc5 50. a5 Kc6 51. Ke2 Kb5 52. Kd3 Kxa5 53. Kc3 Kb5 54. Kd3 a5 55. Kc3 a4 56. Kb2 Rh7 57. Ka3 Rh4 58. Kb2 Rxg4 59. Ka3 Rg3+ 60. Kb2 Re3 61. Kc2 Rxe5 62. Kd2 Re4 63. Kd3 g4 64. Kd2 g3 65. Kd3 g2 66. Kd2 g1=Q 67. Kc2 Qg2+ 68. Kd3 Qf3+ 69. Kd2 Re2+ 70. Kc1 Qf1# 0-1


[Site "https://www.chess.com"]

[Event "Titled Tuesday Blitz February 14 Early 2023"]
[White "Todorovic, Bojan"]
[Black "Filgueira, Hernan"]
[WhiteFideId "917087"]
[BlackFideId "101770"]
[WhiteElo "2195"]
[BlackElo "2283"]
[Result "1-0"]
[Round "09"]
[TimeControl "180+2"]
[Date "2023.02.14"]
[WhiteClock "0:01:32"]
[BlackClock "0:02:12"]

1. d4 d6 2. c4 e5 3. Nf3 e4 4. Ng5 f5 5. Nc3 Be7 6. Nh3 Nf6 7. g3 c6 8. d5 c5 9. Bg2 Na6 10. O-O Nc7 11. f3 O-O 12. Nf4 g5 13. Nh3 h6 14. Nf2 exf3 15. exf3 Rf7 16. Nd3 Bf8 17. f4 g4 18. Be3 Bg7 19. Bf2 Bd7 20. Ne5 Re7 21. Nxd7 Qxd7 22. a4 Nh5 23. Qc2 Rae8 24. Rfe1 Rxe1+ 25. Rxe1 Re4 26. Nxe4 1-0


[Site "https://www.chess.com"]

[Event "Titled Tuesday Blitz February 14 Early 2023"]
[White "Mazibuko, Khanya"]
[Black "Novikov, Evgenij"]
[WhiteFideId "14321041"]
[BlackFideId "4125380"]
[WhiteElo "1913"]
[BlackElo "2276"]
[Result "0-1"]
[Round "09"]
[TimeControl "180+2"]
[Date "2023.02.14"]
[WhiteClock "0:00:34"]
[BlackClock "0:00:13"]

1. e4 c5 2. Nf3 d6 3. d4 cxd4 4. Nxd4 Nf6 5. Nc3 a6 6. Bc4 e6 7. Bb3 Be7 8. f4 O-O 9. Qf3 Qc7 10. f5 e5 11. Nde2 b5 12. Bd5 Bb7 13. Bxb7 Qxb7 14. Bg5 b4 15. Bxf6 bxc3 16. Bxe7 cxb2 17. Rb1 Qxe7 18. Rxb2 Nc6 19. O-O Rfc8 20. c3 Na5 21. Qd3 Nc4 22. Rb4 Qc7 23. f6 g6 24. Rfb1 Qc5+ 25. Kh1 Na5 26. Rb6 Nc6 27. Rxa6 Rxa6 28. Qxa6 Nd8 29. Rd1 Ne6 30. Qxd6 Qe3 31. Qd7 Rf8 32. Qd4 exd4 0-1


[Site "https://www.chess.com"]

[Event "Titled Tuesday Blitz February 14 Early 2023"]
[White "Fan_Of_Chucky"]
[Black "Turzo, Attila"]
[BlackFideId "704954"]
[WhiteElo "2323"]
[BlackElo "2279"]
[Result "0-1"]
[Round "09"]
[TimeControl "180+2"]
[Date "2023.02.14"]
[WhiteClock "0:01:07"]
[BlackClock "0:01:34"]

1. d4 Nf6 2. c4 g6 3. Nf3 Bg7 4. g3 O-O 5. Bg2 c6 6. O-O d5 7. cxd5 cxd5 8. Ne5 b6 9. Nc3 Bb7 10. a4 Nc6 11. Nxc6 Bxc6 12. b4 Ne4 13. Bb2 Nxc3 14. Bxc3 Rc8 15. Qb3 Bb7 16. e3 e6 17. b5 Qd7 18. a5 Rc4 19. a6 Ba8 20. Bd2 Rfc8 21. Rfc1 Bf8 22. Bf1 e5 23. Rc2 Rxc2 0-1


[Site "https://www.chess.com"]

[Event "Titled Tuesday Blitz February 14 Early 2023"]
[White "Bilan, Danila"]
[Black "rikchessmx"]
[WhiteFideId "24161918"]
[WhiteElo "2303"]
[BlackElo "2312"]
[Result "1-0"]
[Round "09"]
[TimeControl "180+2"]
[Date "2023.02.14"]
[WhiteClock "0:00:04"]
[BlackClock "0:00:01"]

1. d4 Nf6 2. Nf3 e6 3. g3 d5 4. Bg2 c6 5. O-O Be7 6. c4 dxc4 7. Qc2 b5 8. a4 Nd5 9. b3 cxb3 10. Qxb3 b4 11. a5 Ba6 12. Re1 O-O 13. e4 Nc7 14. Bb2 Nd7 15. Nbd2 c5 16. d5 Bf6 17. e5 Bg5 18. Ne4 Bh6 19. d6 Nd5 20. Nfd2 Rc8 21. Nc4 Bb5 22. f4 a6 23. Rac1 Rb8 24. Bf1 Bxc4 25. Bxc4 Qxa5 26. Bxd5 exd5 27. Qxd5 Qb6 28. e6 fxe6 29. Qxe6+ Rf7 30. Kg2 Qc6 31. Kh3 a5 32. Bd4 a4 33. Bxc5 1-0


[Site "https://www.chess.com"]

[Event "Titled Tuesday Blitz February 14 Early 2023"]
[White "Petrovic, Aleksa"]
[Black "Martin, Lewis"]
[WhiteFideId "967629"]
[BlackFideId "410551"]
[WhiteElo "2332"]
[BlackElo "2135"]
[Result "1-0"]
[Round "09"]
[TimeControl "180+2"]
[Date "2023.02.14"]
[WhiteClock "0:01:29"]
[BlackClock "0:01:03"]

1. d4 d5 2. c4 c6 3. Nc3 Nf6 4. e3 Bf5 5. cxd5 Nxd5 6. Nf3 e6 7. Be2 Nd7 8. O-O Be7 9. h3 O-O 10. Bd2 Rc8 11. Rc1 N7b6 12. Qb3 c5 13. dxc5 Bxc5 14. Rfd1 Qe7 15. Be1 Nxe3 16. fxe3 Bxe3+ 17. Kh1 Bxc1 18. Rxc1 Rfd8 19. Bh4 f6 20. Re1 Bg6 21. Bd1 Bf7 22. Ne5 Rd4 23. Bg4 g5 24. Nxf7 gxh4 25. Bxe6 Re8 26. Nd6+ Kg7 27. Nf5+ 1-0


[Site "https://www.chess.com"]

[Event "Titled Tuesday Blitz February 14 Early 2023"]
[White "Ramirez Allo, Eduardo"]
[Black "Tinmaz, Kerem"]
[WhiteFideId "2224178"]
[BlackFideId "44559151"]
[WhiteElo "2274"]
[BlackElo "2177"]
[Result "1-0"]
[Round "09"]
[TimeControl "180+2"]
[Date "2023.02.14"]
[WhiteClock "0:00:02"]
[BlackClock "0:00:02"]

1. Nf3 d5 2. c4 c6 3. d4 Nf6 4. Qc2 dxc4 5. Qxc4 Bg4 6. Nbd2 Nbd7 7. g3 Nb6 8. Qc2 e6 9. Bg2 Be7 10. O-O O-O 11. b3 Rc8 12. Bb2 h6 13. Rac1 c5 14. dxc5 Rxc5 15. Qb1 Nbd5 16. Nc4 Qc7 17. Ba3 Rc6 18. Bxe7 Qxe7 19. Nfe5 Rc7 20. Nxg4 Nxg4 21. Bf3 Ngf6 22. Rfd1 Rfc8 23. a4 a6 24. a5 Qb4 25. Qd3 b5 26. axb6 Nxb6 27. Nxb6 Qxb6 28. Rxc7 Rxc7 29. Kg2 Rd7 30. Qc2 Rxd1 31. Qxd1 g6 32. h4 Kg7 33. Qd3 h5 34. e3 a5 35. e4 Qc5 36. Be2 Qb4 37. f3 Qa3 38. Qc4 Qb2 39. Kf2 Nd7 40. Ke3 Ne5 41. Qd4 Qxb3+ 42. Kf2 f6 43. Qa7+ Kh6 44. Qxa5 Qc2 45. Qa6 Qc5+ 46. Kg2 Qe3 47. Qa2 Nf7 48. Qc2 Nd6 49. Kf1 Nf7 50. Qc6 Ne5 51. Qxe6 Qc1+ 52. Kf2 Qc5+ 53. Kg2 Qe3 54. Qa6 Qd2 55. Kf2 Qd4+ 56. Kf1 Qe3 57. Qxf6 Qc1+ 58. Kf2 Qc5+ 59. Kg2 Qc3 60. Qf4+ Kg7 61. Kf2 Nd3+ 62. Bxd3 Qxd3 63. Qe3 Qc2+ 64. Qe2 Qc5+ 65. Kg2 Qd4 66. Qc2 Qe3 67. Qb2+ Kh7 68. Qf2 Qd3 69. Qe1 Qc2+ 70. Qf2 Qd3 71. e5 Qd5 72. Qe2 Qe6 73. Qe4 Kg7 74. f4 Qa2+ 75. Kf3 Qb3+ 76. Qe3 Qd5+ 77. Ke2 Qg2+ 78. Kd3 Qd5+ 79. Kc3 Qc6+ 80. Kd4 Qb6+ 81. Ke4 Qc6+ 82. Kd3 Qb5+ 83. Kd2 Qb2+ 84. Kd3 Qb3+ 85. Ke2 Qc2+ 86. Qd2 Qe4+ 87. Kf2 Qf5 88. Ke3 Qe6 89. Qc3 Qd5 90. e6+ Kf8 91. Qc8+ Kg7 92. Qd7+ 1-0


[Site "https://www.chess.com"]

[Event "Titled Tuesday Blitz February 14 Early 2023"]
[White "surrenderPLS"]
[Black "Lesbekova, Assel"]
[BlackFideId "13713248"]
[WhiteElo "2491"]
[BlackElo "1772"]
[Result "1-0"]
[Round "09"]
[TimeControl "180+2"]
[Date "2023.02.14"]
[WhiteClock "0:00:40"]
[BlackClock "0:00:30"]

1. e4 c5 2. Nf3 Nc6 3. Nc3 Nf6 4. d4 cxd4 5. Nxd4 e5 6. Ndb5 d6 7. Nd5 Nxd5 8. exd5 Nb8 9. a4 Be7 10. Bd3 f5 11. O-O O-O 12. f4 e4 13. Be2 Na6 14. Be3 Nc7 15. Nxa7 Bd7 16. Nb5 Nxb5 17. Bxb5 Bxb5 18. axb5 Rxa1 19. Qxa1 Qc7 20. Qa4 Bf6 21. c3 Qf7 22. Rd1 Qh5 23. Re1 g5 24. Qb4 gxf4 25. Bxf4 Be5 26. Bxe5 dxe5 27. Qe7 Re8 28. Qf6 f4 29. d6 Qg4 30. h3 Qd7 31. Rxe4 Qxb5 32. h4 Qd5 33. Re1 Rf8 34. Qg5+ Kh8 35. Qxe5+ Qxe5 36. Rxe5 Rd8 37. Re7 Rxd6 38. Rxb7 Rd2 39. c4 Rc2 40. b3 Kg8 41. h5 h6 42. Rc7 Rb2 43. Rb7 Rc2 44. Rb5 Kg7 45. Rf5 Rc3 46. Rxf4 Rxb3 47. Kf2 Rc3 48. g4 Rc1 49. Ke3 Kg8 50. Kd4 Kg7 51. Kd5 Rd1+ 52. Kc5 Kg8 53. Kc6 Kg7 54. c5 Kg8 55. Kc7 Kg7 56. c6 Kg8 57. Kc8 Rb1 58. c7 Kg7 59. Rd4 1-0


[Site "https://www.chess.com"]

[Event "Titled Tuesday Blitz February 14 Early 2023"]
[White "Torres Dominguez, David"]
[Black "Lehtosaari, Mauri"]
[WhiteFideId "2220857"]
[BlackFideId "501999"]
[WhiteElo "1994"]
[BlackElo "2176"]
[Result "1-0"]
[Round "09"]
[TimeControl "180+2"]
[Date "2023.02.14"]
[WhiteClock "0:00:18"]
[BlackClock "0:00:01"]

1. e4 c5 2. Nc3 e6 3. f4 Nc6 4. Nf3 d5 5. Bb5 dxe4 6. Bxc6+ bxc6 7. Nxe4 Nf6 8. d3 Nxe4 9. dxe4 Qxd1+ 10. Kxd1 Ba6 11. Be3 Be7 12. c3 Bd3 13. Nd2 c4 14. Ke1 a5 15. Kf2 a4 16. b3 cxb3 17. axb3 a3 18. Ra2 O-O 19. Rha1 Rfd8 20. b4 c5 21. bxc5 Rac8 22. Rxa3 Bxc5 23. Bxc5 Rxc5 24. Ra8 Rdc8 25. Rxc8+ Rxc8 26. Ke3 Bb5 27. Rc1 Kf8 28. c4 Bc6 29. Nf3 Ke7 30. Ne5 Be8 31. c5 f6 32. Nd3 Bb5 33. Rc3 Ra8 34. c6 Rc8 35. Nb4 Kd6 36. Kd4 Bxc6 37. e5+ fxe5+ 38. fxe5+ Kd7 39. g3 Bg2 40. Rxc8 Kxc8 41. Nd3 Bd5 42. Nf4 Ba2 43. h4 Kd7 44. g4 Kc6 45. g5 Bb3 46. Nh5 g6 47. Nf6 Bd1 48. Nxh7 1-0


[Site "https://www.chess.com"]

[Event "Titled Tuesday Blitz February 14 Early 2023"]
[White "Barrera Rincones, Josmar Joel"]
[Black "EREBUNI91"]
[WhiteFideId "3975487"]
[WhiteElo "1399"]
[BlackElo "2719"]
[Result "0-1"]
[Round "09"]
[TimeControl "180+2"]
[Date "2023.02.14"]
[WhiteClock "0:01:14"]
[BlackClock "0:00:39"]

1. d4 Nf6 2. c4 e6 3. Nc3 d5 4. cxd5 exd5 5. Bg5 Be7 6. e3 O-O 7. Qc2 c6 8. Bd3 h6 9. Bh4 Nbd7 10. Nge2 Nh5 11. Bxe7 Qxe7 12. a3 Re8 13. b4 Nhf6 14. O-O b5 15. Nc1 a6 16. Nb3 Qd6 17. Ne2 Qe7 18. Qxc6 Rb8 19. Qc2 Bb7 20. Rac1 Rbc8 21. Qd2 Nb6 22. Nc5 Nc4 23. Qa2 Ne4 24. Ng3 Nxc5 25. bxc5 Bc6 26. Qe2 Nxa3 27. Ra1 b4 28. Bxa6 Rb8 29. Bd3 Nc4 30. Qg4 b3 31. Qf5 g6 32. Qh3 Kg7 33. Qg4 Qg5 34. Qf3 Nd2 35. Qe2 Nxf1 36. Rxf1 Rb4 37. f4 Qe7 38. f5 Qxe3+ 39. Qxe3 Rxe3 40. f6+ Kf8 41. Be2 b2 42. Rb1 Ra3 43. Kf2 Ra1 44. Bd3 Rxb1 45. Bxb1 Rc4 46. Ne2 Rc1 47. Ba2 b1=Q 48. Bxb1 Rxb1 49. Nc3 Rb2+ 50. Kf3 Ke8 51. Ne2 Rxe2 52. Kxe2 Kd7 53. Kf3 Ke6 54. g4 Kxf6 55. h4 g5 56. h5 Ke6 57. Kg3 f5 58. gxf5+ Kxf5 59. Kf3 g4+ 60. Kg3 Kg5 61. Kg2 Kxh5 62. Kg3 Kg5 63. Kg2 h5 64. Kh2 h4 65. Kg2 Kf4 66. Kf2 Ke4 67. Kg2 Kxd4 68. Kf2 Kxc5 69. Ke3 h3 70. Kf4 h2 71. Kxg4 h1=Q 72. Kf5 Qe4+ 73. Kf6 d4 74. Kg5 d3 75. Kf6 d2 76. Kg5 d1=Q 77. Kf6 Qdf3+ 78. Kg5 Qeg4+ 79. Kh6 Be8 80. Kh7 Bg6+ 81. Kh6 Bh7 82. Kxh7 Kd4 83. Kh6 Ke3 84. Kh7 Kf2 85. Kh6 Kg3 86. Kh7 Qh1# 0-1


[Site "https://www.chess.com"]

[Event "Titled Tuesday Blitz February 14 Early 2023"]
[White "Alex_Sahakyan2006"]
[Black "Abdilkhair, Abilmansur"]
[BlackFideId "13716417"]
[WhiteElo "2715"]
[BlackElo "2268"]
[Result "1-0"]
[Round "09"]
[TimeControl "180+2"]
[Date "2023.02.14"]
[WhiteClock "0:00:15"]
[BlackClock "0:00:10"]

1. e4 e5 2. Nf3 Nc6 3. d4 exd4 4. Bc4 Nf6 5. O-O Nxe4 6. Nc3 dxc3 7. Bxf7+ Kxf7 8. Qd5+ Ke8 9. Re1 Ne7 10. Rxe4 d6 11. Bg5 c6 12. Qb3 Qb6 13. Qxc3 Bf5 14. Re3 Kd7 15. Bxe7 Re8 16. Bxf8 Rhxf8 17. Qxg7+ Kc8 18. Rae1 Rd8 19. Rb3 Qc7 20. Re7 Bd7 21. Nd4 Qa5 22. h3 Rg8 23. Qh6 Qd5 24. Nf3 Qd1+ 25. Kh2 Qxc2 26. Qe3 Qg6 27. g4 Rde8 28. Qxa7 Rxe7 29. Qa8+ Kc7 30. Rxb7# 1-0


[Site "https://www.chess.com"]

[Event "Titled Tuesday Blitz February 14 Early 2023"]
[White "Janaszak, Dawid"]
[Black "Bon, Michael"]
[WhiteFideId "1119206"]
[BlackFideId "620696"]
[WhiteElo "2316"]
[BlackElo "2394"]
[Result "1-0"]
[Round "09"]
[TimeControl "180+2"]
[Date "2023.02.14"]
[WhiteClock "0:00:12"]
[BlackClock "0:00:05"]

1. e4 c5 2. Nc3 Nc6 3. f4 e6 4. Nf3 d5 5. Bb5 Ne7 6. Ne5 dxe4 7. Nxe4 a6 8. Bxc6+ bxc6 9. Qh5 Ng6 10. Ng5 Qd4 11. Ngxf7 Qxf4 12. Rf1 Qe4+ 13. Qe2 Qxe2+ 14. Kxe2 Nxe5 15. Nxe5 Ra7 16. b3 Bd6 17. Bb2 a5 18. d3 a4 19. Rf3 axb3 20. axb3 Rxa1 21. Bxa1 Rg8 22. g3 Bd7 23. Nc4 Be7 24. Be5 g6 25. Rf1 Rf8 26. Ra1 Kf7 27. Ra7 Rd8 28. Bc7 Rf8 29. Bb6 Ke8 30. Ne5 1-0


[Site "https://www.chess.com"]

[Event "Titled Tuesday Blitz February 14 Early 2023"]
[White "Sarkar, Justin"]
[Black "Vlassov, Nikolai"]
[WhiteFideId "2010011"]
[BlackFideId "4103360"]
[WhiteElo "2309"]
[BlackElo "2283"]
[Result "0-1"]
[Round "09"]
[TimeControl "180+2"]
[Date "2023.02.14"]
[WhiteClock "0:00:01"]
[BlackClock "0:01:33"]

1. e4 Nc6 2. Nc3 Nf6 3. Nf3 d5 4. exd5 Nxd5 5. Bb5 Bg4 6. h3 Bxf3 7. Qxf3 e6 8. Bxc6+ bxc6 9. O-O Bd6 10. Ne4 O-O 11. d4 Rb8 12. c4 Nb4 13. Qe2 a5 14. Bg5 Be7 15. Bxe7 Qxe7 16. Nc5 Rb6 17. Rfd1 Rd8 18. a3 Na6 19. Nxa6 Rxa6 20. c5 Raa8 21. Qe4 Qd7 22. b4 Qd5 23. Qxd5 Rxd5 24. bxa5 Rxa5 25. a4 Kf8 26. Kf1 Ke7 27. f4 Rf5 28. g3 g5 0-1


[Site "https://www.chess.com"]

[Event "Titled Tuesday Blitz February 14 Early 2023"]
[White "Colbow, Collin"]
[Black "Ambartsumova, Karina"]
[WhiteFideId "16201132"]
[BlackFideId "4166299"]
[WhiteElo "2408"]
[BlackElo "2393"]
[Result "0-1"]
[Round "09"]
[TimeControl "180+2"]
[Date "2023.02.14"]
[WhiteClock "0:00:06"]
[BlackClock "0:00:05"]

1. d4 Nf6 2. Nf3 g6 3. Nc3 Bg7 4. e4 d6 5. Bf4 O-O 6. Qd2 c6 7. h4 h5 8. Bh6 b5 9. Bxg7 Kxg7 10. Bd3 b4 11. Ne2 a5 12. e5 Nd5 13. Ng3 Bg4 14. Nh2 dxe5 15. Nxg4 hxg4 16. dxe5 Qc7 17. Qg5 Nd7 18. O-O-O Qxe5 19. Qxg4 N7f6 20. Qf3 Qf4+ 21. Qxf4 Nxf4 22. Ne4 Nxd3+ 23. cxd3 Rad8 24. Nxf6 Kxf6 25. h5 g5 26. Rh3 g4 27. Re3 Rd5 28. Rh1 Rh8 29. h6 e6 30. Re4 Rg5 31. Kd2 Kg6 32. Rc4 c5 33. d4 cxd4 34. Rc7 Rf5 35. Ke2 Rxh6 36. Rxh6+ Kxh6 37. Rd7 Rf4 38. g3 Re4+ 39. Kd3 Re1 40. Rxf7 Kg6 41. Ra7 e5 42. Rxa5 Kf5 43. Rb5 Ra1 44. Rxb4 Rxa2 45. Rb5 Ra1 46. Rb8 Rd1+ 47. Ke2 Rb1 48. Kd3 Rd1+ 49. Ke2 Ra1 50. Kd3 Ke6 51. Rb6+ Kd5 52. Rg6 e4+ 53. Kd2 Rb1 54. Kc2 Rf1 55. Rf6 d3+ 56. Kd2 Kd4 57. Rf8 Rb1 58. Rd8+ Ke5 59. Ke3 Re1+ 60. Kd2 Re2+ 61. Kc3 Rc2+ 62. Kb3 Rxf2 63. Re8+ Kd4 64. Rd8+ Ke3 65. Kc4 Rc2+ 66. Kd5 Rxb2 67. Re8 Rb4 68. Kc5 Rd4 69. Rg8 d2 70. Rd8 Rxd8 0-1


[Site "https://www.chess.com"]

[Event "Titled Tuesday Blitz February 14 Early 2023"]
[White "Ladan, Nicholas"]
[Black "Iljin, Timofey"]
[WhiteFideId "30918855"]
[BlackFideId "14110180"]
[WhiteElo "2228"]
[BlackElo "2329"]
[Result "1/2-1/2"]
[Round "09"]
[TimeControl "180+2"]
[Date "2023.02.14"]
[WhiteClock "0:00:10"]
[BlackClock "0:00:25"]

1. e4 e5 2. Bc4 Nf6 3. Nc3 Nxe4 4. Qh5 Nd6 5. Qxe5+ Qe7 6. Qxe7+ Bxe7 7. Be2 c6 8. Nf3 Nf5 9. g4 Nh4 10. Nxh4 Bxh4 11. O-O O-O 12. d4 d5 13. f4 Nd7 14. g5 f6 15. Bd2 Nb6 16. Kg2 Bf5 17. Bd3 Nc4 18. Bxf5 Nxd2 19. Be6+ Kh8 20. Rfd1 Nc4 21. Kh3 fxg5 22. f5 Ne3 23. Rd3 Nxf5 24. Rf1 Nd6 25. Rdf3 Rxf3+ 26. Rxf3 g6 27. Nd1 Re8 28. Re3 Kg7 29. Bd7 Rxe3+ 30. Nxe3 Bf2 31. Ng4 Bxd4 32. c3 Bf6 33. Nf2 h5 34. Nd3 Ne4 35. Bc8 b6 36. Nb4 Nd6 37. Bd7 d4 38. Nxc6 dxc3 39. bxc3 Bxc3 40. Nxa7 Be5 41. Nc6 Bf4 42. Nd4 Be3 43. Nc2 Bc5 44. a4 Kf6 45. Kg2 Ke5 46. Ne1 Kf4 47. Nd3+ Ke3 48. Ne5 Nf5 49. Nxg6 Nh4+ 50. Nxh4 gxh4 51. Kh3 Be7 52. Bb5 Kd4 53. Be8 Kc5 54. Bxh5 Kb4 55. Be8 Ka5 56. Bb5 Kb4 57. Kg4 Ka5 58. h3 Kb4 59. Be8 Kc5 60. Bb5 Kb4 61. Be8 Bd6 62. Bb5 Be7 1/2-1/2


[Site "https://www.chess.com"]

[Event "Titled Tuesday Blitz February 14 Early 2023"]
[White "Lorenzo De La Riva, Lazaro"]
[Black "Kumala, Aleksander"]
[WhiteFideId "2268809"]
[BlackFideId "1141880"]
[WhiteElo "2404"]
[BlackElo "2165"]
[Result "0-1"]
[Round "09"]
[TimeControl "180+2"]
[Date "2023.02.14"]
[WhiteClock "0:00:09"]
[BlackClock "0:00:14"]

1. b3 d5 2. Bb2 Bg4 3. h3 Bh5 4. d3 Nf6 5. Nd2 e6 6. Ngf3 c6 7. g4 Bg6 8. Ne5 Nbd7 9. Nxg6 hxg6 10. Bg2 Bd6 11. e3 e5 12. a3 Qe7 13. c4 O-O-O 14. cxd5 cxd5 15. b4 Kb8 16. Qb3 Rc8 17. g5 Nh5 18. Bxd5 Qxg5 19. Bxb7 Rc7 20. Bf3 f5 21. Nc4 e4 22. dxe4 Rxc4 23. Qxc4 Bg3 24. Ke2 Bxf2 25. Qb5+ Nb6 26. Be5+ Kc8 27. Rac1+ Kd8 28. Rhd1+ Ke7 29. Rc7+ Kf8 30. Kxf2 Qh4+ 31. Ke2 fxe4 32. Bg4 Kg8 33. Qe8+ Kh7 34. Qf7 Rg8 35. Rxa7 Ng3+ 36. Bxg3 Qxg3 37. Rf1 Qg2+ 38. Rf2 Qg1 39. Qf4 Nd5 40. Qxe4 Nc3+ 41. Kf3 Nxe4 42. Rg2 Rf8+ 43. Kxe4 Qxg2+ 44. Kd3 Rd8+ 45. Kc4 Qc6+ 46. Kb3 Rd3+ 47. Kb2 Qc3+ 48. Kb1 Rd2 49. Bf5 Qb2# 0-1


[Site "https://www.chess.com"]

[Event "Titled Tuesday Blitz February 14 Early 2023"]
[White "Orzech, Dominik"]
[Black "Kubatko, Ivan"]
[WhiteFideId "1115065"]
[BlackFideId "24111473"]
[WhiteElo "2308"]
[BlackElo "2257"]
[Result "0-1"]
[Round "09"]
[TimeControl "180+2"]
[Date "2023.02.14"]
[WhiteClock "0:01:02"]
[BlackClock "0:00:11"]

1. d4 d5 2. Nf3 c5 3. c4 e6 4. cxd5 exd5 5. Nc3 Nc6 6. g3 Nf6 7. Bg2 Be7 8. dxc5 Bxc5 9. Bg5 d4 10. Na4 Bb4+ 11. Nd2 h6 12. Bxf6 Qxf6 13. O-O O-O 14. Rc1 Bg4 15. h3 Bd7 16. Nc5 Bxc5 17. Rxc5 Rfe8 18. Ne4 Qe7 19. g4 Rad8 20. Qd2 Bc8 21. Rfc1 d3 22. exd3 Nd4 23. Kh1 b6 24. Rc7 Qe5 25. Rxa7 f5 26. gxf5 Bxf5 27. Rcc7 Ne6 28. Rf7 Bxe4 29. Bxe4 Qxe4+ 30. dxe4 Rxd2 31. Rfe7 Rxe7 32. Rxe7 Nf4 33. Kh2 Rxb2 34. Kg3 Nd3 35. f4 Rxa2 36. e5 Nc5 37. e6 Re2 38. f5 g6 39. Re8+ Kg7 40. Re7+ Kg8 41. Re8+ Kg7 42. f6+ Kxf6 43. Rf8+ Ke7 44. Rf7+ Kxe6 45. Rg7 Kf6 46. Rc7 Rb2 47. Rc6+ Kf7 48. Rc7+ Kf6 49. Rc6+ Kf5 50. h4 Rb3+ 51. Kf2 h5 52. Ke2 Ne4 53. Rc7 Nf6 54. Rc6 b5 55. Rc5+ Ke6 56. Rg5 Kf7 57. Re5 Rh3 58. Rxb5 Rxh4 59. Kf3 Rg4 60. Rb7+ Kg8 61. Re7 Rg5 62. Kf4 Rf5+ 63. Kg3 Ng4 64. Ra7 Nh6 65. Kh4 Nf7 66. Rb7 Kg7 67. Kg3 g5 68. Rb6 Rf4 69. Rb5 h4+ 70. Kh3 Kg6 71. Rb7 Rf6 72. Rb5 Nh6 73. Rb8 Rf3+ 74. Kg2 g4 75. Rb6+ Kg5 76. Rb5+ Nf5 77. Rc5 h3+ 78. Kh2 Ra3 79. Rb5 Ra2+ 80. Kg1 g3 81. Kh1 Ra1+ 0-1


[Site "https://www.chess.com"]

[Event "Titled Tuesday Blitz February 14 Early 2023"]
[White "Toncheva, Nadya"]
[Black "Jarocka, Liwia"]
[WhiteFideId "2924056"]
[BlackFideId "21807558"]
[WhiteElo "2295"]
[BlackElo "2225"]
[Result "1-0"]
[Round "09"]
[TimeControl "180+2"]
[Date "2023.02.14"]
[WhiteClock "0:00:07"]
[BlackClock "0:00:30"]

1. d4 d5 2. c4 e6 3. Nc3 Nf6 4. cxd5 exd5 5. Bg5 Nbd7 6. e3 c6 7. Bd3 Be7 8. Qc2 O-O 9. Nge2 Re8 10. O-O Ne4 11. Bxe7 Qxe7 12. Bxe4 dxe4 13. Rfd1 Nf6 14. d5 cxd5 15. Nxd5 Nxd5 16. Rxd5 Be6 17. Rc5 Rac8 18. Rxc8 Bxc8 19. Nd4 Kh8 20. Rc1 h6 21. Qc7 Qf6 22. Nb5 Bg4 23. Nd6 Re7 24. Qd8+ Kh7 25. h3 Qxb2 26. Qxe7 Qxc1+ 27. Kh2 Be6 28. Qxb7 Qc2 29. a3 Qxf2 30. Qxe4+ Kh8 31. Qa8+ Kh7 32. Qe4+ g6 33. Ne8 h5 34. Qe5 h4 35. Qg7# 1-0


[Site "https://www.chess.com"]

[Event "Titled Tuesday Blitz February 14 Early 2023"]
[White "Kulkarni, Vikramaditya"]
[Black "Bozorov, Makhsum"]
[WhiteFideId "5009847"]
[BlackFideId "14201330"]
[WhiteElo "2251"]
[BlackElo "2145"]
[Result "1-0"]
[Round "09"]
[TimeControl "180+2"]
[Date "2023.02.14"]
[WhiteClock "0:02:06"]
[BlackClock "0:01:04"]

1. d4 Nf6 2. c4 g6 3. Nc3 d5 4. Nf3 Bg7 5. Bg5 Ne4 6. cxd5 Nxg5 7. Nxg5 c6 8. Qb3 O-O 9. O-O-O e6 10. h4 cxd5 11. f4 Nc6 12. e3 Bd7 13. h5 Na5 14. Qc2 b5 15. Kb1 Rc8 16. Nxh7 Kxh7 17. hxg6+ Kg8 18. gxf7+ Rxf7 19. Qg6 b4 20. Bd3 bxc3 21. Rh8+ 1-0


[Site "https://www.chess.com"]

[Event "Titled Tuesday Blitz February 14 Early 2023"]
[White "Malka, Samuel"]
[Black "Zaichenko, Daria"]
[WhiteFideId "20643675"]
[BlackFideId "4197453"]
[WhiteElo "2165"]
[BlackElo "2104"]
[Result "1-0"]
[Round "09"]
[TimeControl "180+2"]
[Date "2023.02.14"]
[WhiteClock "0:00:12"]
[BlackClock "0:00:07"]

1. d4 d5 2. c4 e6 3. Nf3 Nf6 4. g3 Be7 5. Bg2 O-O 6. O-O dxc4 7. Qc2 a6 8. a4 Nbd7 9. Qxc4 b5 10. Qd3 bxa4 11. Nc3 Bb7 12. Rd1 c5 13. Rxa4 cxd4 14. Ra1 dxc3 15. bxc3 Nc5 16. Qc2 Qb6 17. Be3 Be4 18. Qa2 Nd5 19. Bd4 Qb7 20. c4 Nb4 21. Qb2 f6 22. Ra5 Rfc8 23. Bc3 Rab8 24. Bh3 Kf7 25. Nd4 Nc6 26. Qxb7 Rxb7 27. Rxc5 Bxc5 28. Bxe6+ Ke7 29. Bxc8 Rc7 30. Bxa6 Nxd4 31. Bxd4 Bxd4 32. Rxd4 f5 33. f3 Bc2 34. Bb5 Ke6 35. Kf2 g6 36. Rd8 Bb3 37. Rd4 Ke5 38. Ke3 Ra7 39. f4+ Ke6 40. Rd3 Bc2 41. Rc3 Be4 42. c5 Kd5 43. c6 Rc7 44. Ba4 Kd6 45. Kd4 Rc8 46. Rc4 Rc7 47. e3 Ra7 48. c7 Rxc7 49. Rxc7 Kxc7 50. Be8 Kd6 51. Bf7 Ke7 52. Bd5 Kd6 53. Bxe4 fxe4 54. Kxe4 Ke6 55. Kf3 Kf5 56. e4+ Ke6 57. e5 Kd5 58. h4 h5 59. Ke3 Kc5 60. Ke4 Kc6 61. f5 gxf5+ 62. Kxf5 Kd7 63. Kf6 Ke8 64. Ke6 Kd8 65. Kf7 Kd7 66. e6+ Kd6 67. e7 1-0


[Site "https://www.chess.com"]

[Event "Titled Tuesday Blitz February 14 Early 2023"]
[White "Sai Han Thiha"]
[Black "Alahakoon, Isuru"]
[WhiteFideId "13012290"]
[BlackFideId "9900993"]
[WhiteElo "2070"]
[BlackElo "1819"]
[Result "0-1"]
[Round "09"]
[TimeControl "180+2"]
[Date "2023.02.14"]
[WhiteClock "0:00:02"]
[BlackClock "0:00:07"]

1. e4 d5 2. exd5 Qxd5 3. Nc3 Qa5 4. d4 Nf6 5. Nf3 Bg4 6. h3 Bh5 7. g4 Bg6 8. Ne5 e6 9. Bd2 Nbd7 10. Nc4 Qa6 11. h4 Qc6 12. Rh3 h5 13. g5 Ne4 14. Nxe4 Qxe4+ 15. Re3 Qxh4 16. d5 O-O-O 17. dxe6 fxe6 18. Qf3 Bf5 19. Bg2 c6 20. Rc3 Bb4 21. O-O-O Bxc3 22. Nd6+ Kb8 23. Qxc3 Nb6 24. Nxb7 Rd5 25. Na5 Rc8 26. Qxg7 Rd7 27. Qe5+ Ka8 28. Nxc6 Nd5 29. Nd4 Qxd4 30. Qxd4 Rxc2+ 31. Kb1 Rxd2+ 32. Kc1 Rc2+ 33. Kb1 Rd2+ 34. Kc1 Rc2+ 35. Kb1 Rc4+ 36. Qd3 Bxd3+ 37. Rxd3 Rcc7 38. g6 Kb8 39. Be4 Nf6 40. Rb3+ Kc8 41. Bc2 Kd8 42. Rf3 Ke7 43. g7 Rd8 44. Rg3 Rdc8 45. g8=Q Rxg8 46. Bg6 Rgc8 47. a4 Rc5 48. b4 Rc1+ 49. Kb2 Rf1 50. f3 Rd8 51. Bc2 Rd2 52. Rg7+ Kd6 53. Kc3 Rff2 54. Bb3 Nd5+ 55. Bxd5 exd5 56. Rg6+ Ke5 57. Rg5+ Kf4 58. Rxh5 d4+ 59. Kc4 Rxf3 60. Rh4+ Ke3 61. Rh7 Rc2+ 62. Kb3 d3 63. Re7+ Kd2 64. Rxa7 Rc3+ 65. Kb2 Rf4 0-1


[Site "https://www.chess.com"]